AoeStats
← STRATCOM

Migration

509466735Analyzed
1v1 RM · 6d ago on Sep 26, 2026· 19m 31s· 2 players
Game mode
Random Map
Map size
132×132
Population
200
Speed
Normal
Resources
Standard
Victory
Conquest
Starting age
Dark Age
Ending age
Imperial Age
RankedLock teamsTeams togetherTeam positionsShared explorationLock speedFull tech treeHidden civsTurbo modeCheats
Victory
Defeat
🇵🇱 Vikings · Poland
285
+17
🇫🇷 Turks · France
306
-17
mikikozielczyk79
12:04 Feudal Age
12:55 Loom
14:37 Double-Bit Axe
19:12 Loom
21:54 Castle Age
STRATCOM
0:56 Loom
12:47 Feudal Age
13:33 Town Watch
Connection lost

Rejoining the realm…

Still unreachable

The connection could not be restored.

Session expired

The server has moved on; the page needs a fresh start.